 Dungeon Crawl Stone Soup version 0.28.0-53-g5a82cb258f (webtiles) character file.

Game seed: 5610943233197821479

1446 SanguineChosen the Cudgeller (level 8, -3/50 HPs)
             Began as a Gargoyle Fighter on July 22, 2022.
             Slain by a harpy zombie (8 damage)
             ... on level 1 of the Abyss.
             The game lasted 00:19:08 (7626 turns).

SanguineChosen the Cudgeller (Gargoyle Fighter)     Turns: 7626, Time: 00:19:09

Health: -3/50      AC: 21    Str: 22    XL:     8   Next: 75%
Magic:  8/8        EV: 10    Int:  9    God:
Gold:   285        SH:  4    Dex:  9    Spells: 7/7 levels left

rFire   + . .      SeeInvis .   f - +2 flail (protect)
rCold   + . .      Faith    .   c - +0 buckler
rNeg    + . .      Spirit   .   b - +0 scale mail
rPois   ∞          Reflect  .   r - +0 helmet
rElec   +          Harm     .   m - scarf {rC+ rF+}
rCorr   .          Rampage  .   (no gloves)
Will    .....                   (no boots)
Stlth   ..........              (no amulet)
HPRegen 0.16/turn               (no ring)
MPRegen 0.11/turn               (no ring)

@: mighty, under a protective aura
A: sickness immunity, AC +5, negative energy resistance 1, electricity
resistance, torment resistance 1, petrification resistance
a: no special abilities


You were on level 1 of the Abyss.
You visited 1 branch of the dungeon, and saw 6 of its levels.
You visited the Abyss 1 time.

You collected 373 gold pieces.
You spent 88 gold pieces at shops.

Inventory:

Hand Weapons
 f - a +2 flail of protection (weapon)
Missiles
 j - 5 curare-tipped darts
 l - 9 poisoned darts (quivered)
Armour
 b - a +0 scale mail (worn)
 c - a +0 buckler (worn)
 m - a scarf of resistance (worn)
 n - a +2 cloak
 r - a +0 helmet (worn)
Jewellery
 a - a ring of magical power
 q - a ring of protection from cold
Wands
 i - a wand of paralysis (11)
Scrolls
 g - 2 scrolls of identify
 h - 2 scrolls of fear
 o - 3 scrolls of teleportation
Potions
 p - a potion of lignification


   Skills:
 + Level 5.5 Fighting
 + Level 6.9 Maces & Flails
 + Level 0.2 Throwing
 + Level 6.2 Armour
 + Level 2.2 Dodging
 + Level 1.4 Stealth
 + Level 5.1 Shields


You had 7 spell levels left.
You didn't know any spells.
Your spell library was empty.

Dungeon Overview and Level Annotations

Branches:
Dungeon (6/15)             Temple (0/1) D:4

Altars:
Cheibriados

Shops:
D:4 ?[(

Annotations:
D:6 4 runed translucent doors, Crazy Yiuf, Maggie


Innate Abilities, Weirdness & Mutations

You are immune to sickness and miasma.
Your stone body is resilient. (AC +5)
You are immune to poison.
You resist negative energy. (rN+)
You are resistant to electric shocks. (rElec)
You are resistant to unholy torment.
You are immune to petrification.


Message History

The starcursed mass shudders and withdraws towards its neighbour.
The starcursed mass touches your chaos spawn!
Your chaos spawn dies!
Your chaos spawn degenerates into a cloud of primal chaos!
The starcursed mass misses your white imp.
Your white imp is engulfed in seething chaos.
Your white imp flickers and vanishes for a moment.
Your white imp hits the starcursed mass but does no damage.
You hit the starcursed mass but do no damage.
You are suddenly pulled into a different region of the Abyss!
Found a corrupted altar of Lugonu.
You're already here!
You're already here!
Sorry, you can't set a waypoint here.
You're already here!
You start resting.
A harpy zombie comes into view.
The harpy zombie claws you but does no damage.
You block the harpy zombie's attack.
The harpy zombie claws you but does no damage. x2
The harpy zombie claws you.
The harpy zombie claws you but does no damage.
The harpy zombie barely misses you.
The harpy zombie claws you but does no damage.
The harpy zombie claws you!
* * * LOW HITPOINT WARNING * * *
The harpy zombie closely misses you.
Okay, then.
You thump the harpy zombie!
Your weapon exudes an aura of protection.
The harpy zombie is lightly damaged.
The harpy zombie claws you.
* * * LOW HITPOINT WARNING * * *
The harpy zombie claws you.
* * * LOW HITPOINT WARNING * * *
The harpy zombie claws you but does no damage.
The harpy zombie closely misses you.
The harpy zombie claws you but does no damage.
The harpy zombie claws you!
You die...

..##. #. ##....
##... #.#...
#.#...
......#.#... . .
#...#....# #. #.
....... # ..
#..####...# .
#....#@.# .#.
#.....Z.###.. #
#...........#
#...#.#....##
##.#...##...#
..#...#...#...
#..###..#.#..###
#.. .#.#..... .#
. #. .....


You could see a harpy zombie.

Vanquished Creatures
  Edmund (D:6)
  A necrophage (D:4)
  An ice beast (D:5)
  3 phantoms
  A centaur (D:5)
  A water moccasin skeleton (D:5)
  2 howler monkeys
  A bullfrog zombie (D:5)
  6 hounds
  An orc priest (D:3)
  A jelly (D:6)
  3 centaur skeletons
  3 iguanas
  4 orc wizards
  A hound zombie (D:5)
  Robin (D:3)
  5 adders
  3 gnolls (D:5)
  2 ufetubi
  An adder skeleton (D:4)
  3 dart slugs
  2 worms
  16 orcs
  4 bats
  6 endoplasms
  A giant cockroach (D:4)
  11 goblins
  9 hobgoblins
  4 jackals (D:2)
  7 kobolds
  3 ball pythons
  A frilled lizard (D:2)
  4 rats
113 creatures vanquished.

Vanquished Creatures (collateral kills)
  A small abomination (Abyss:1)
1 creature vanquished.

Vanquished Creatures (others)
  A goblin (D:4)
1 creature vanquished.

Grand Total: 115 creatures vanquished

Notes
Turn   | Place    | Note
-------+----------+-------------------------------------------
     0 | D:1      | SanguineChosen the Gargoyle Fighter began the quest for the
                  | Orb.
     0 | D:1      | Reached XP level 1. HP: 14/14 MP: 1/1
   409 | D:1      | Reached XP level 2. HP: 19/19 MP: 2/2
   803 | D:2      | Reached XP level 3. HP: 13/24 MP: 3/3
  1453 | D:2      | Reached XP level 4. HP: 29/29 MP: 4/4
  2004 | D:3      | Found a faded altar of an unknown god.
  2246 | D:3      | Reached XP level 5. HP: 24/33 MP: 5/5
  2969 | D:4      | Noticed a necrophage
  2971 | D:4      | Found a snail-covered altar of Cheibriados.
  2984 | D:4      | Killed a necrophage
  2985 | D:4      | Reached skill level 1 in Dodging
  2985 | D:4      | Reached XP level 6. HP: 37/38 MP: 6/6
  3004 | D:4      | Reached skill level 1 in Stealth
  3226 | D:4      | Noticed Robin
  3307 | D:4      | HP: 1/38 [Robin/+2 dagger of distortion (12)]
  3871 | D:3      | Killed Robin
  4186 | D:4      | Found Pidimmulule's Weapon Emporium.
  4268 | D:4      | Found a staircase to the Ecumenical Temple.
  4669 | D:4      | Found Femyucom's Armour Boutique.
  4685 | D:4      | Reached XP level 7. HP: 33/44 MP: 7/7
  4816 | D:4      | Found Zinof's Magic Scroll Shop.
  4825 | D:4      | Bought a scroll of identify for 22 gold pieces
  4825 | D:4      | Bought a scroll of identify for 22 gold pieces
  4825 | D:4      | Bought a scroll of identify for 22 gold pieces
  4825 | D:4      | Bought a scroll of identify for 22 gold pieces
  5280 | D:5      | Entered Level 5 of the Dungeon
  5288 | D:5      | Reached skill level 5 in Maces & Flails
  5553 | D:5      | Reached skill level 5 in Armour
  6013 | D:5      | Reached XP level 8. HP: 4/48 MP: 8/8
  6469 | D:5      | Reached skill level 5 in Fighting
  6888 | D:6      | Found a runed translucent door.
  6889 | D:6      | Noticed Crazy Yiuf
  6920 | D:6      | Found a runed translucent gate.
  6920 | D:6      | Found a runed translucent gate.
  6920 | D:6      | Found a runed translucent gate.
  6929 | D:6      | Noticed Edmund
  6946 | D:6      | Killed Edmund
  6947 | D:6      | Reached skill level 5 in Shields
  7261 | D:6      | Noticed Maggie
  7272 | D:6      | HP: 1/50 [Maggie/+0 glaive of distortion (15)]
  7506 | D:6      | Cast into level 1 of the Abyss (Maggie)
  7574 | Abyss:1  | Noticed a starcursed mass
  7593 | Abyss:1  | Found a corrupted altar of Lugonu.
  7621 | Abyss:1  | Found a corrupted altar of Lugonu.
  7626 | Abyss:1  | Slain by a harpy zombie

Illustrated notes

Levels and vault maps discovered:
D:1:      roderic_crop_circles_arrival_small, layout_basic
D:2:      layout_loops_ring
D:3:      layout_basic, shapermc_ecumenical_altar_starsandcircs
D:4:      layout_basic, kennysheep_slug_shrine, lemuel_temple_firewalk_b,
          serial_shops, shop, nicolae_shop_competitors_out_of_business,
          kennysheep_mini, uniq_robin
D:5:      layout_loops_corners, moated_statue
D:6:      layout_cave_pools, gammafunk_ghost_icy, nrook_uturn,
          supply_closet_lemuel, uniq_edmund, uniq_crazy_yiuf_cottage,
          uniq_maggie
Abyss:1:  base: Temple, evilmike_abyss_exit_mutagenic

Skill      XL: |  1  2  3  4  5  6  7  8 |
---------------+-------------------------+-----
Armour         | 4 5 6 |  6.2
Maces & Flails | 3 4 5 6 |  6.9
Fighting       | 4 5 |  5.5
Shields        | 4 5 |  5.1
Dodging        | 1 2 |  2.2
Stealth        | 1 |  1.4
Throwing       | |  0.2

Action                   |  1- 3 |  4- 6 |  7- 9 || total
-------------------------+-------+-------+-------++-------
Melee: Flail             |    60 |   269 |   262 ||   591
Throw: Dart              |       |    13 |     8 ||    21
  Use: Scroll            |       |       |    18 ||    18
       Potion            |       |       |     9 ||     9
Armor: Scale mail        |    31 |   181 |   201 ||   413
Dodge: Dodged            |    36 |   123 |   123 ||   282
Block: Buckler           |    11 |    61 |    74 ||   146
